 Dungeon Crawl Stone Soup version 0.19-a0-990-gf36c7f1 (webtiles) character file.

58 Implojin the Ruffian (level 3, -4/36 HPs)
             Began as a Troll Fighter on July 14, 2016.
             Slain by a centaur (5 damage)
             ... on level 5 of the Dungeon.
             The game lasted 00:02:08 (350 turns).

Implojin the Ruffian (Troll Fighter)                 Turns: 350, Time: 00:02:09

Health: -4/36      AC:  5    Str: 29    XL:     3   Next: 76%
Magic:  2/2        EV:  8    Int:  4    God:
Gold:   0          SH:  9    Dex: 10    Spells: 0 memorised, 2 levels left

rFire  . . .     SeeInvis .       - Unarmed
rCold  . . .     Gourm    +     a - +0 robe
rNeg   . . .     Faith    .     b - +0 shield
rPois  .         Spirit   .     (helmet restricted)
rElec  .         Dismiss  .     (no cloak)
rCorr  .         Reflect  .     (gloves unavailable)
SustAt .         Harm     .     (boots unavailable)
MR     .....                    (no amulet)
Stlth  +.........               (no ring)
                                (no ring)

@: mighty, not resistant to hostile enchantments, very unstealthy
A: unfitting armour, claws 3, fast metabolism 3, gourmand, regeneration 2,
shaggy fur 1, tough skin 2
a: no special abilities


You were on level 5 of the Dungeon.
You were not hungry.

You visited 2 branches of the dungeon, and saw 6 of its levels.

Inventory:

Hand Weapons
 j - a +0 blowgun
Missiles
 k - 5 poisoned needles
Armour
 a - a +0 robe (worn)
 b - a +0 shield (worn)
Jewellery
 i - an uncursed ring of stealth {unknown}
Scrolls
 e - a scroll of random uselessness {unknown}
 h - a scroll of immolation {unknown}
 m - a scroll of identify {unknown}
 n - a scroll of remove curse {unknown}
Potions
 f - a potion of heal wounds {unknown}
 l - a potion of magic {unknown}
Comestibles
 d - 2 bread rations


   Skills:
 - Level 2.4 Fighting
 - Level 2.4 Dodging
 - Level 2.4 Shields
 * Level 4.1 Unarmed Combat


You had 2 spell levels left.
You didn't know any spells.

Dungeon Overview and Level Annotations

Branches:
Dungeon (5/15)             Temple (1/1) D:5

Altars:
Ashenzari
Dithmenos
Elyvilon
Fedhas
Gozag
Kikubaaqudgha
Nemelex Xobeh
Pakellas
Qazlal
Ru
Sif Muna


Innate Abilities, Weirdness & Mutations

You are too large for most types of armour.
You have claws for hands.
Your metabolism is lightning-fast.
You like to eat raw meat.
You heal very quickly.
You are covered in fur. (AC +1)
You have very tough skin. (AC +2)


Message History

The worker ant is lightly wounded.
You block the worker ant's attack.
The centaur shoots an arrow.
The arrow hits you!
* * * LOW HITPOINT WARNING * * *
The crimson imp hits you but does no damage.
The centaur shoots an arrow.
You block the arrow.
The crimson imp grins evilly.
You see here an arrow.
Unknown command.
The centaur unwields an uncursed shortbow.
The centaur hits you but does no damage.
The worker ant bites you.
* * * LOW HITPOINT WARNING * * *
Unknown command.
You scratch the centaur.
The centaur is lightly wounded.
You block the centaur's attack. x2; The worker ant bites you.
* * * LOW HITPOINT WARNING * * *
Unknown command.
You barely miss the centaur.
The centaur is lightly wounded.
The crimson imp hits you but does no damage.
You block the centaur's attack. The worker ant misses you.
Unknown command.
You claw the centaur!
The centaur is severely wounded.
The centaur hits you but does no damage.
The crimson imp blinks!
The worker ant bites you.
* * * LOW HITPOINT WARNING * * *
The centaur closely misses you.
A jackal comes into view.
You barely miss the centaur.
The centaur is severely wounded.
The jackal barks!
The centaur hits you.
* * * LOW HITPOINT WARNING * * *
The worker ant bites you.
* * * LOW HITPOINT WARNING * * *
The centaur hits you.
You die...

............#
............# #.......
............# #.......
............# #......
#...###..####+###...h.
#...###..#..........#
....#....#......5.?.#
....+....#..........#
.. #....'.....c@a..#
######(..(...ยง>.#
..........######..#
.........(# ..#
/.........# ..#
..........+ ..#
..........# .##
....####### +# ..!.


You could see a centaur, a worker ant, a crimson imp and a jackal.

Vanquished Creatures
  4 gnolls (D:2)
  2 goblins (D:2)
  A hobgoblin (D:2)
  5 jackals
  2 quokkas
  A giant newt (D:2)
  4 kobolds
19 creatures vanquished.

Notes
Turn   | Place    | Note
-------+----------+-------------------------------------------
     0 | D:1      | Implojin the Troll Fighter began the quest for the Orb.
     0 | D:1      | Reached XP level 1. HP: 22/22 MP: 0/0
    45 | D:2      | Reached XP level 2. HP: 22/29 MP: 1/1
    62 | D:2      | Reached skill level 3 in Unarmed Combat
    68 | D:2      | Reached XP level 3. HP: 16/36 MP: 2/2
   124 | D:3      | Reached skill level 4 in Unarmed Combat
   177 | D:3      | Found an opulent altar of Gozag.
   178 | D:3      | Found a sparkling altar of Nemelex Xobeh.
   249 | D:5      | Entered Level 5 of the Dungeon
   270 | D:5      | Noticed a centaur
   271 | D:5      | Found a staircase to the Ecumenical Temple.
   281 | Temple   | Entered the Ecumenical Temple
   350 | D:5      | HP: 1/36 [worker ant (4)]
   350 | D:5      | Slain by a centaur

Vault maps used:
D:1:      dpeg_arrival_water_altar, minmay_misc_feat_diagonals
D:2:      st_stairs_13, minmay_box_of_dots, uniq_crazy_yiuf_cottage,
          uniq_terence
D:3:      grunt_temple_overflow_opulence, grunt_temple_overflow_holy_war,
          first_bread, serial_bayou_pond_b
D:4:      portal_sewer_entry_f
D:5:      basic_altar, uniq_prince_ribbit1
Temple:   nicolae_temple_figure_zero

Skill      XL: |  1  2  3 |
---------------+----------+-----
Unarmed Combat | 3 4 |  4.1
Fighting       | |  2.4
Dodging        | |  2.4
Shields        | |  2.4

Action                   || total
-------------------------++-------
Melee: Unarmed           ||    65
  Use: Potion            ||     1
  Eat: Chunk             ||     2
Armor: Robe              ||    39
Dodge: Dodged            ||    34
Block: Shield            ||    41

Table legend:
 A = Turns spent in this place as a percentage of turns spent in the entire game.
 B = Non-inter-level travel turns spent in this place as a percentage of non-inter-level travel turns spent in the entire game.
 C = Inter-level travel turns spent in this place as a percentage of turns spent in this place.
 D = Turns resting spent in this place as a percentage of non-inter-level travel turns spent in this place.
 E = Turns spent auto-exploring this place as a percentage of non-inter-level travel turns spent in this place.
 F = Non-inter-level travel turns spent in this place divided by the number of levels of this place that you've seen.
                   A       B       C       D       E      F
               +-------+-------+-------+-------+-------+----------------------
         Total | 100.0 | 100.0 |   0.0 |   0.0 |   0.0 |  59.5
       Dungeon |  81.0 |  81.0 |   0.0 |   0.0 |   0.0 |  57.8
        Temple |  19.0 |  19.0 |   0.0 |   0.0 |   0.0 |  68.0
               +-------+-------+-------+-------+-------+----------------------

Table legend:
 A = Kills in this place as a percentage of kills in entire the game.
 B = Kills by you in this place as a percentage of kills by you in the entire game.
 C = Kills by friends in this place as a percentage of kills by friends in the entire game.
 D = Other kills in this place as a percentage of other kills in the entire game.
 E = Experience gained in this place as a percentage of experience gained in the entire game.
 F = Experience gained in this place divided by the number of levels of this place that you have seen.
                   A       B       C       D       E      F
               +-------+-------+-------+-------+-------+----------------------
         Total | 100.0 | 100.0 |  -nan |  -nan | 100.0 |  14.0
       Dungeon | 100.0 | 100.0 |  -nan |  -nan | 100.0 |  16.8
               +-------+-------+-------+-------+-------+----------------------
